 Dungeon Crawl Stone Soup version 0.20.0-8-g6b59dc7 (webtiles) character file.

46 shinino the Chopper (level 3, -6/30 HPs)
             Began as a Demonspawn Chaos Knight on May 31, 2017.
             Mangled by a gnoll
             ... wielding a +0 flail
              (11 damage)
             ... on level 2 of the Dungeon.
             The game lasted 00:03:46 (4696 turns).

shinino the Chopper (Demonspawn Chaos Knight)       Turns: 4696, Time: 00:03:47

Health: -6/30      AC:  7    Str: 13    XL:     3   Next: 46%
Magic:  3/3        EV: 11    Int: 13    God:    Xom [.*....]
Gold:   102        SH:  0    Dex: 12    Spells: 2/2 levels left

rFire    . . .     SeeInvis .   a - +0 hand axe (chaos)
rCold    . . .     Gourm    .   (no shield)
rNeg     . . .     Faith    .   b - +2 leather armour
rPois    .         Spirit   .   (no helmet)
rElec    .         Reflect  .   (no cloak)
rCorr    .         Harm     .   (no gloves)
MR       .....                  (no boots)
Stlth    +.........             (no amulet)
Regen    0.1/turn               m - +3 ring of slaying
MPRegen  0.1/turn               d - ring of flight

@: flying
A: rugged brown scales 2
a: Renounce Religion


You were on level 2 of the Dungeon.
You worshipped Xom.
You were a plaything of Xom.
You were not hungry.

You visited 1 branch of the dungeon, and saw 2 of its levels.

You collected 102 gold pieces.

Inventory:

Hand Weapons
 a - a +0 hand axe of chaos (weapon)
Armour
 b - a +2 leather armour (worn)
Jewellery
 d - a ring of flight (right hand)
 h - an uncursed ring of protection from fire
 m - a +3 ring of slaying (left hand)
Scrolls
 c - a scroll of magic mapping {unknown}
 e - a scroll of blinking
 i - 2 scrolls of identify
 k - a scroll of recharging {unknown}
 n - a scroll of enchant weapon
 o - a scroll of teleportation {unknown}
Potions
 f - a potion of flight
Comestibles
 g - a meat ration


   Skills:
 - Level 3.0 Fighting
 + Level 4.1 Axes
 - Level 1.7 Armour
 - Level 0.8 Dodging


You had 2 spell levels left.
You didn't know any spells.

Dungeon Overview and Level Annotations

Branches:
Dungeon (2/15)

Altars:


Innate Abilities, Weirdness & Mutations

You are mostly covered in rugged brown scales. (AC +2, +5% HP)


Message History

Unknown command.
You are too injured to fight recklessly!
You are too injured to fight recklessly!
You closely miss the gnoll.
The gnoll is moderately wounded.
You hit the gnoll. You freeze the gnoll. You closely miss the gnoll.
The gnoll closely misses you. The gnoll hits you with a flail.
The gnoll barely misses you.
You hit the gnoll.
The gnoll is heavily wounded.
You barely miss the gnoll. The gnoll hits you with a whip. x2
The gnoll hits you with a flail.
* * * LOW HITPOINT WARNING * * *
The gnoll barely misses you. The gnoll hits you but does no damage.
The gnoll misses you.
It was a potion of flight.
You feel very buoyant.
You fly up into the air.
The gnoll hits you with a flail!
You die...
Xom chortles!

###### #>... #####....
......... #..........#
############## #..........#
#.............
#..........###.............
#.........@gg............(.
#.........###g.............
#..........#....[..........
#..........#...............
#..........###.............
######'###.................
#.# ####..............
#.#### #..............
#....# #..(...........


You could see 3 gnolls.

Vanquished Creatures
  An ooze (D:1)
  A dart slug (D:1)
  A leopard gecko (D:1)
  A giant cockroach (D:1)
  6 goblins (D:1)
  3 hobgoblins (D:1)
  5 jackals (D:1)
  5 kobolds (D:1)
  6 bats (D:1)
  4 frilled lizards
  4 rats (D:1)
37 creatures vanquished.

Notes
Turn   | Place    | Note
-------+----------+-------------------------------------------
     0 | D:1      | shinino the Demonspawn Chaos Knight began the quest for the Orb.
     0 | D:1      | Reached XP level 1. HP: 18/18 MP: 1/1
    65 | D:1      | Reached skill level 3 in Axes
   133 | D:1      | Gained mutation: You are partially covered in rugged brown scales. (AC +1, +3% HP) [demonic ancestry]
   133 | D:1      | Reached XP level 2. HP: 14/24 MP: 2/2
   530 | D:1      | XOM: harmless Tmut miscast
  1304 | D:1      | XOM: harmless Necr miscast
  1686 | D:1      | XOM: harmless Pois miscast
  3156 | D:1      | XOM: noise
  3685 | D:1      | XOM: 1-stop teleportation journey
  3888 | D:1      | XOM: confuse monster(s)
  3895 | D:1      | Gained mutation: You are mostly covered in rugged brown scales. (AC +2, +5% HP) [demonic ancestry]
  3895 | D:1      | Reached XP level 3. HP: 24/30 MP: 3/3
  3941 | D:1      | Reached skill level 4 in Axes
  4080 | D:1      | XOM: noise
  4401 | D:1      | XOM: noise
  4696 | D:2      | Mangled by a gnoll

Skill      XL: |  1  2  3 |
---------------+----------+-----
Axes           | 3 4 |  4.1
Fighting       | |  3.0
Armour         | |  1.7
Dodging        | |  0.8

Action                   || total
-------------------------++-------
Melee: Hand axe          ||   104
  Use: Scroll            ||     3
       Potion            ||     1
 Stab: Distracted        ||     1
       Confused          ||     1
  Eat: Royal jelly       ||     2
       Bread ration      ||     1
       Chunk             ||     3
Armor: Leather armour    ||    40
Dodge: Dodged            ||    64
